 Dungeon Crawl Stone Soup version 0.22.0-38-g04b72b8 (webtiles) character file.

1084 Folque the Digger (level 8, -7/61 HPs)
             Began as a Red Draconian Earth Elementalist on Aug 31, 2018.
             Shot with an arrow by a centaur (16 damage)
             ... on level 6 of the Dungeon.
             The game lasted 00:35:12 (5470 turns).

Folque the Digger (DrEE)                            Turns: 5470, Time: 00:35:13

Health: -7/61      AC:  7    Str: 11    XL:     8   Next: 8%
Magic:  13/17      EV: 12    Int: 17    God:
Gold:   271        SH:  0    Dex: 12    Spells: 1/19 levels left

rFire    + . .     SeeInvis .   A - +2 dagger (venom)
rCold    . . .     Gourm    .   (no shield)
rNeg     . . .     Faith    .   (armour unavailable)
rPois    .         Spirit   .   (helmet restricted)
rElec    .         Reflect  .   m - +0 cloak
rCorr    .         Harm     .   (no gloves)
MR       .....                  (no boots)
Stlth    ++........             (no amulet)
HPRegen  0.20/turn              (no ring)
MPRegen  0.15/turn              (no ring)

@: no status effects
A: breathe fire, unfitting armour, fire resistance 1, cold-blooded, AC +6
a: Breathe Fire


You were on level 6 of the Dungeon.
You were not hungry.

You visited 2 branches of the dungeon, and saw 7 of its levels.

You collected 282 gold pieces.
You spent 11 gold pieces at shops.

Inventory:

Hand Weapons
 e - a +0 dagger
 t - a +1 whip of electrocution
 u - a +0 quarterstaff
 y - a +0 hand axe
 A - a +2 dagger of venom (weapon)
Missiles
 b - 84 stones (quivered)
 h - 6 silver javelins
 z - 2 exploding tomahawks
Armour
 m - a +0 cloak (worn)
 w - a +0 buckler
Wands
 p - a wand of iceblast (7)
 C - a wand of flame (33)
Scrolls
 a - a scroll of identify
 d - a scroll of enchant weapon {unknown}
 f - a scroll of fog {unknown}
 i - 3 scrolls of remove curse
 k - 3 scrolls of teleportation
 v - a scroll of immolation {unknown}
 x - a scroll of fear {unknown}
 B - a scroll of enchant armour {unknown}
Potions
 g - 2 potions of curing {unknown}
 j - a potion of lignification {unknown}
 n - a potion of might
 o - a potion of mutation
 q - 2 potions of heal wounds
 r - 2 potions of magic
 s - 2 potions of brilliance
Comestibles
 c - 5 rations
 l - 2 chunks of flesh


   Skills:
 - Level 2.1 Fighting
 - Level 1.7 Dodging
 - Level 1.7 Stealth
 - Level 6.1 Spellcasting
 + Level 0.0 Translocations
 - Level 1.0 Transmutations
 * Level 7.3 Earth Magic


You had one spell level left.
You knew the following spells:

 Your Spells              Type           Power        Failure   Level  Hunger
a - Sandblast             Erth           ####..       1%          1    None
b - Passwall              Tmut/Erth      ###.....     3%          2    None
c - Stone Arrow           Conj/Erth      ###...       9%          3    ##.....
d - Lee's Rapid Deconstr  Erth           ####......   17%         5    #####..
e - Petrify               Tmut/Erth      ###.....     22%         4    ####...
f - Gell's Gravitas       Tloc           #.........   36%         3    ##.....

Your spell library contained the following spells:

 Spells                   Type           Power        Failure   Level  Hunger
 Animate Skeleton         Necr           N/A          13%         1    None
 Confusing Touch          Hex            #.....       13%         1    None
 Pain                     Necr           #...         13%         1    None
 Confuse                  Hex            #.......     36%         3    ##.....
 Regeneration             Chrm/Necr      #.........   36%         3    ##.....
 Vampiric Draining        Necr           #.........   36%         3    ##.....
 Animate Dead             Necr           N/A          77%         4    ####...
 Yara's Violent Unravell  Hex/Tmut       #.........   96%         5    #####..
 Metabolic Englaciation   Hex/Ice        #.........   98%         5    #####..


Dungeon Overview and Level Annotations

Branches:
Dungeon (6/15)             Temple (1/1) D:5

Altars:
Dithmenos
Elyvilon
Fedhas
Gozag
Hepliaklqana
Kikubaaqudgha
Makhleb
Nemelex Xobeh
Okawaru
Qazlal
Ru
Trog
Uskayaw
Vehumet
Wu Jian
Xom
Yredelemnul
Zin
The Shining One

Shops:
D:4 !

Annotations:
D:4 Dowan, Duvessa


Innate Abilities, Weirdness & Mutations

You can breathe blasts of fire.
Your fiery red scales are hard. (AC +6)
You cannot fit into any form of body armour.
Your flesh is heat resistant. (rF+)
You are cold-blooded and may be slowed by cold attacks.


Message History

The centaur resists with some effort.
The centaur shoots an arrow.
The arrow hits you!
The centaur wields a shortbow.
The centaur shoots an arrow.
The arrow hits you!
A centaur comes into view.
The centaur shoots an arrow.
The arrow barely misses you.
A centaur comes into view.
The centaur wields a shortbow.
The centaur shoots an arrow.
The arrow hits you.
The centaur shoots an arrow.
The arrow hits you!
The centaur wields a shortbow.
The centaur shoots an arrow.
The arrow hits you.
The centaur shoots an arrow.
The arrow hits you.
You see here 3 arrows.
The centaur shoots an arrow.
The arrow closely misses you.
The centaur shoots an arrow.
The arrow misses you.
The centaur shoots an arrow.
The arrow closely misses you.
You see here 3 arrows.
The centaur shoots an arrow.
The arrow hits you!
* * * LOW HITPOINT WARNING * * *
The centaur shoots an arrow.
The arrow barely misses you.
The centaur shoots an arrow.
The arrow hits you!
You die...

#.≈≈≈≈......#
#..≈≈≈......#
.c.≈≈≈.Z....
.c.≈≈≈≈...#
.c≈≈≈≈≈..$#
.c≈≈≈≈≈(.#
.≈≈≈≈≈≈(.#.#
≈≈≈≈≈≈≈(##.#.#
≈≈≈≈≈≈#@##.#..
≈≈≈.###.##>#.#
#.#. #.##.#.#
# #.###....#.#
#..........#
#######..#.#
#..#<# #....#
#..###


You could see 4 centaurs and a hound zombie.

Vanquished Creatures
  Sigmund (D:2)
  A phantom (D:5)
  3 scorpions
  2 howler monkeys (D:4)
  A bullfrog skeleton (D:5)
  A hound (D:5)
  A jelly (D:5)
  6 orc priests
  4 orc wizards
  4 gnolls (D:3)
  4 adders
  2 adder zombies (D:5)
  An adder skeleton (D:4)
  3 worms
  7 dart slugs
  4 leopard geckos
  24 orcs
  3 giant cockroaches
  5 goblins
  11 hobgoblins
  6 jackals
  3 quokkas
  A ball python (D:3)
  13 bats
  5 frilled lizards
  8 kobolds
  11 rats
  A butterfly (D:5)
136 creatures vanquished.

Notes
Turn   | Place    | Note
-------+----------+-------------------------------------------
     0 | D:1      | Folque the Draconian Earth Elementalist began the quest for the Orb.
     0 | D:1      | Reached XP level 1. HP: 14/14 MP: 3/3
    61 | D:1      | Reached skill level 1 in Fighting
    81 | D:1      | Reached XP level 2. HP: 8/23 MP: 0/5
   689 | D:1      | Learned a level 2 spell: Passwall
   705 | D:1      | Reached XP level 3. HP: 19/29 MP: 4/6
   905 | D:2      | Learned a level 3 spell: Stone Arrow
   910 | D:2      | Noticed Sigmund
  1116 | D:2      | Killed Sigmund
  1116 | D:2      | Reached skill level 4 in Earth Magic
  1116 | D:2      | Reached XP level 4. HP: 26/36 MP: 2/9
  1116 | D:2      | Reached XP level 5. HP: 30/41 MP: 2/10
  1277 | D:2      | Reached skill level 5 in Earth Magic
  1492 | D:2      | Found a glowing silver altar of Zin.
  2035 | D:3      | Reached XP level 6. HP: 32/48 MP: 7/12
  3009 | D:4      | Reached skill level 5 in Spellcasting
  3016 | D:4      | Learned a level 5 spell: Lee's Rapid Deconstruction
  3421 | D:4      | Your scales start taking on a fiery red colour.
  3421 | D:4      | Reached XP level 7. HP: 53/55 MP: 6/14
  3421 | D:4      | Gained mutation: Your flesh is heat resistant. (rF+) [Red Draconian growth]
  3618 | D:4      | Found a stormy altar of Qazlal.
  3618 | D:4      | Found a bloodstained altar of Trog.
  3619 | D:4      | Noticed Duvessa
  3620 | D:4      | Noticed Dowan
  3620 | D:4      | Found an opulent altar of Gozag.
  3709 | D:4      | Found a sparkling altar of Nemelex Xobeh.
  3710 | D:4      | Found a glowing golden altar of the Shining One.
  3895 | D:4      | Found Gewiqaid's Distillery.
  3903 | D:4      | Reached skill level 6 in Earth Magic
  3915 | D:4      | Bought a potion of degeneration for 11 gold pieces
  4226 | D:5      | Entered Level 5 of the Dungeon
  4386 | D:5      | Found a staircase to the Ecumenical Temple.
  4404 | Temple   | Entered the Ecumenical Temple
  4887 | D:5      | Reached skill level 7 in Earth Magic
  5204 | D:5      | Reached XP level 8. HP: 59/61 MP: 2/17
  5210 | D:5      | Learned a level 4 spell: Petrify
  5214 | D:5      | Learned a level 3 spell: Gell's Gravitas
  5470 | D:6      | Shot with an arrow by a centaur

Skill      XL: |  1  2  3  4  5  6  7 |
---------------+----------------------+-----
Fighting       | 1 2 |  2.1
Spellcasting   | 3 4 5 6 |  6.1
Earth Magic    | 4 5 7 |  7.3
Dodging        | |  1.7
Stealth        | |  1.7
Transmutations | |  1.0

Action                   |  1- 3 |  4- 6 |  7- 9 || total
-------------------------+-------+-------+-------++-------
Melee: Unarmed           |    29 |       |       ||    29
       Tailslap          |    19 |    18 |     8 ||    45
       Dagger            |   111 |   185 |    81 ||   377
       Quarterstaff      |       |    28 |       ||    28
 Cast: Sandblast         |    15 |    18 |    14 ||    47
       Passwall          |     2 |     2 |     3 ||     7
       Stone Arrow       |       |    19 |    13 ||    32
       Lee's Rapid Decon |       |       |     5 ||     5
       Petrify           |       |       |     1 ||     1
  Use: Potion            |     1 |       |       ||     1
       Scroll            |       |       |     5 ||     5
 Stab: Sleeping          |     5 |     7 |     1 ||    13
  Eat: Chunk             |     1 |     9 |     2 ||    12
       Ration            |       |       |     2 ||     2
Armor: Skin              |    36 |    60 |    24 ||   120
Dodge: Dodged            |    78 |   122 |    49 ||   249
